 Dungeon Sprint DCSS version bcrawl-1.12-10-g10a67aac0f (webtiles) character file.

Game seed: 6464888066568164438

15744 Groucho the Imperceptible (level 12, 73/73 HPs)
             Began as a Felid Berserker on June 19, 2019.
             Was the Champion of Trog.
             Got out of the dungeon alive.
             The game lasted 00:21:34 (4119 turns).

Groucho the Imperceptible (Felid Berserker)         Turns: 4119, Time: 00:21:35

Health: 73/73      AC:  3    Str: 16    XL:     12   Next: 30%
Magic:  26/26      EV: 40    Int: 10    God:    Trog [******]
Gold:   1600       SH:  0    Dex: 24    Spells: 30/30 levels left
                                        Lives:  3   Deaths: 0

rFire    + . .     SeeInvis +     - Unarmed
rCold    . . .     Gourm    .   (shield unavailable)
rNeg     + . .     Faith    .   (armour unavailable)
rPois    .         Spirit   +   (helmet unavailable)
rElec    +         Reflect  .   i - scarf {repulsion}
rCorr    .         Harm     .   (gloves unavailable)
MR       ++...     NoTele   +   (boots unavailable)
Stlth    +++++++++.             l - amulet of guardian spirit
HPRegen  0.22/turn              s - ring "Ekhlill" {Fire +Inv rElec rN+ MR+}
MPRegen  0.20/turn              (no ring)

@: mighty, agile, very slightly contaminated, invisible (expiring), repel
missiles, quick
A: very small, no armour, no weapons or thrown items, stealth, claws 1, fangs 3,
see invisible, carnivore, speed 1, mutation resistance 1, screaming 1, shaggy
fur 3, inhibited regeneration, slow metabolism 1, weak 1, sharp paws
a: Berserk, Trog's Hand, Brothers in Arms, Renounce Religion


You escaped.
You worshipped Trog.
Trog was exalted by your worship.
You were not hungry.

You visited 1 branch You collected 3492 gold pieces.
You spent 1892 gold pieces at shops.

Inventory:

Armour
 i - a scarf of repulsion (worn)
Jewellery
 l - an amulet of guardian spirit (around neck)
 s - the ring "Ekhlill" (left paw) {Fire +Inv rElec rN+ MR+}
   (You bought it in a shop in the Dungeon)

   [ring of fire]

   It enhances your fire magic.
   It protects you from fire.
   It makes you vulnerable to cold.
   It insulates you from electricity.
   It protects you from negative energy.
   It affects your resistance to hostile enchantments.
   It lets you turn invisible.
 t - an uncursed ring of protection from fire {unknown}
Wands
 f - a wand of polymorph (1)
 m - a wand of acid (9)
 o - a wand of random effects (10)
 q - a wand of flame (16)
Scrolls
 c - a scroll of fog {unknown}
 n - 2 scrolls of summoning
 p - 2 scrolls of fear
 u - a scroll of immolation {unknown}
 v - 3 scrolls of blinking
 w - a scroll of remove curse {unknown}
 x - a scroll of identify {unknown}
Potions
 a - a potion of flight
 b - 4 potions of curing
 e - 2 potions of magic
 j - a potion of might
Comestibles
 r - 2 rations {!d}


   Skills:
 + Level 13.3 Fighting
 + Level 16.7 Dodging
 + Level 23.0 Stealth
 + Level 15.5 Unarmed Combat
 + Level 9.7 Spellcasting


You had 30 spell levels left.
You didn't know any spells.
Your spell library was empty.

Dungeon Overview and Level Annotations

Branches:
Dungeon (1/1)

Altars:
Cheibriados
Dithmenos
Elyvilon
Fedhas
Gozag
Hepliaklqana
Kikubaaqudgha
Lugonu
Makhleb
Nemelex Xobeh
Okawaru
Qazlal
Ru
Sif Muna
Trog
Uskayaw
Vehumet
Wu Jian
Xom
Yredelemnul
Zin
The Shining One
Jiyva

Shops:
D !?[!%(*![!*(***?*:=[=:


Innate Abilities, Weirdness & Mutations

You cannot wear almost all types of armour.
You are incapable of wielding weapons or throwing items.
Your paws allow you to move quietly. (Stealth)
You have sharp claws.
You have razor-sharp teeth.
You have supernaturally acute eyesight. (SInv)
You are carnivorous and can eat meat at any time.
You cover ground quickly.
Your thick and shaggy fur keeps you warm. (AC +3, rC+)
You have a slow metabolism.
Your sharp claws are effective at attacking unaware monsters.
You are somewhat resistant to further mutation.
You occasionally shout uncontrollably at your foes.
You do not regenerate when monsters are visible.
You are weak. (Str -2)


Message History

You feel very mighty all of a sudden.
It was a potion of agility.
You feel agile all of a sudden.
It was a potion of invisibility.
You fade into invisibility!
You are very lightly contaminated with residual magic.
It was a potion of mutation.
You feel extremely strange.
Your regeneration stops near monsters.
You feel weaker.
You feel the urge to shout.
You feel genetically stable.
It was a potion of ambrosia.
You are confused.
You feel invigorated.
You start waiting.
You feel less invigorated.
You feel less confused.
You start waiting.
You flicker for a moment.
Okay, then.
Are you sure you want to leave the Dungeon?
This will make you lose the game!
You have escaped!

##################
#@.#.)'..#.)'..#__
#..'..#.)'..#..'..
#..#####'#####'#__
#..####..#...#.###
#..#__####..##)#§≈
#..#_____##'#_.§§§
#⌠⌠#_.∩...'...§#≈§
####_..__##_.#'##§
*,,#_____###'#.#§§


There were no monsters in sight!

Vanquished Creatures
  A golden dragon (D)
  A fire giant (D)
  A shadow dragon (D)
  2 centaur warriors (D)
  A hydra (D)
  Sonja (D)
  5 unseen horrors (D)
  A lindwurm (D)
  An oklob plant (D)
  2 merfolk sirens (D)
  2 gargoyles (D)
  3 demonic crawlers (D)
  4 hornets (D)
  A slime creature (D)
  Sigmund (D)
  2 redbacks (D)
  A yak (D)
  13 hogs (D)
  3 floating eyes (D)
  7 necrophages (D)
  An ogre (D)
  8 jellies (D)
  Ijyb (D)
  2 ballistomycetes (D)
  A ballistomycete spore (D)
66 creatures vanquished.

Vanquished Creatures (collateral kills)
  3 fire giants (D)
  2 unseen horrors (D)
  A deep troll (D)
  8 shining eyes (D)
  A demonic crawler (D)
  2 kobold demonologists (D)
  4 floating eyes (D)
21 creatures vanquished.

Vanquished Creatures (others)
  A ballistomycete spore (D)
1 creature vanquished.

Grand Total: 88 creatures vanquished

Notes
Turn   | Place    | Note
-------+----------+-------------------------------------------
     0 | D        | Groucho the Felid Berserker began the quest for the Orb.
     0 | D        | Reached XP level 1. HP: 12/12 MP: 2/2
     2 | D        | Reached skill level 6 in Stealth
     2 | D        | Reached XP level 2. HP: 16/16 MP: 3/3
     2 | D        | Noticed Ijyb
    16 | D        | Killed Ijyb
    49 | D        | Reached skill level 10 in Stealth
    49 | D        | Reached XP level 3. HP: 20/20 MP: 4/4
    49 | D        | Noticed an ogre
    51 | D        | Killed an ogre
    54 | D        | Reached skill level 13 in Stealth
    54 | D        | Reached XP level 4. HP: 24/24 MP: 5/5
    54 | D        | Reached XP level 5. HP: 28/28 MP: 6/6
    54 | D        | Noticed Sigmund
    56 | D        | Killed Sigmund
    56 | D        | Reached ** piety under Trog
    79 | D        | Found a deep blue altar of Sif Muna.
    80 | D        | Found an ornate altar of the Wu Jian Council.
    81 | D        | Found a radiant altar of Vehumet.
   126 | D        | Found Cyqotiomn's Distillery.
   126 | D        | Found an ancient bone altar of Kikubaaqudgha.
   126 | D        | Found a hazy altar of Hepliaklqana.
   126 | D        | Found a stormy altar of Qazlal.
   126 | D        | Found a hide-covered altar of Uskayaw.
   126 | D        | Found a blossoming altar of Fedhas.
   126 | D        | Found a bloodstained altar of Trog.
   126 | D        | Found an iron altar of Okawaru.
   126 | D        | Found a basalt altar of Yredelemnul.
   126 | D        | Found a glowing golden altar of the Shining One.
   126 | D        | Found a snail-covered altar of Cheibriados.
   126 | D        | Found a sacrificial altar of Ru.
   126 | D        | Found a glowing silver altar of Zin.
   126 | D        | Found a shadowy altar of Dithmenos.
   126 | D        | Found a white marble altar of Elyvilon.
   126 | D        | Reached skill level 15 in Stealth
   126 | D        | Gained mutation: You are covered in thick fur. (AC +2)
                  | [Felid growth]
   126 | D        | Reached XP level 6. HP: 32/32 MP: 7/7
   126 | D        | Noticed a yak
   127 | D        | Found an opulent altar of Gozag.
   128 | D        | Killed a yak
   129 | D        | Found a sparkling altar of Nemelex Xobeh.
   137 | D        | Bought a potion of heal wounds for 65 gold pieces
   157 | D        | Found a burning altar of Makhleb.
   157 | D        | Found a shimmering altar of Xom.
   157 | D        | Reached skill level 17 in Stealth
   157 | D        | Noticed a slime creature
   158 | D        | Found a viscous altar of Jiyva.
   158 | D        | Found a corrupted altar of Lugonu.
   167 | D        | Killed a slime creature
   414 | D        | Reached skill level 5 in Fighting
   414 | D        | Reached skill level 18 in Stealth
   414 | D        | Reached XP level 7. HP: 39/39 MP: 8/8
   414 | D        | Noticed a centaur warrior
   414 | D        | Reached XP level 8. HP: 45/45 MP: 9/9
   414 | D        | Noticed a centaur warrior
   415 | D        | Killed a centaur warrior
   415 | D        | Reached *** piety under Trog
   416 | D        | Killed a centaur warrior
   552 | D        | Noticed a hornet
   555 | D        | Killed a hornet
   566 | D        | Noticed an oklob plant
   575 | D        | Killed an oklob plant
   633 | D        | Noticed a redback
   637 | D        | Reached skill level 19 in Stealth
   637 | D        | Noticed a redback
   638 | D        | Killed a redback
   638 | D        | Reached **** piety under Trog
   641 | D        | Killed a redback
   669 | D        | Reached skill level 10 in Dodging
   669 | D        | Reached XP level 9. HP: 51/51 MP: 10/10
   669 | D        | Noticed an unseen horror
   670 | D        | Reached skill level 10 in Unarmed Combat
   670 | D        | Noticed an unseen horror
   686 | D        | Killed an unseen horror
   689 | D        | Killed an unseen horror
   795 | D        | Reached ***** piety under Trog
   911 | D        | Found Ginippew's Distillery.
   911 | D        | Found Turhich's Assorted Antiques.
   911 | D        | Found Pihaed's Armour Boutique.
   913 | D        | Found Nirchazxo's Distillery.
   913 | D        | Found Bezi's General Store.
   913 | D        | Found Fack's Weapon Shoppe.
   913 | D        | Found Bajan's General Store.
   913 | D        | Found Ypnie's General Store.
   913 | D        | Found Juibaxide's Assorted Antiques.
   913 | D        | Found Ytoirasm's Magic Scroll Shoppe.
   917 | D        | Found Zotoor's General Store.
   918 | D        | Found Kickoa's Jewellery Emporium.
   918 | D        | Found Sifeowin's Book Boutique.
   919 | D        | Found Valenlidgh's Jewellery Emporium.
   928 | D        | Bought an uncursed amulet of guardian spirit for 300 gold
                  | pieces
  1179 | D        | Bought a potion of flight for 36 gold pieces
  1193 | D        | Bought a scroll of acquirement for 676 gold pieces
  1243 | D        | Reached skill level 20 in Stealth
  1243 | D        | Reached skill level 1 in Spellcasting
  1243 | D        | Noticed a deep troll
  1247 | D        | Killed a deep troll
  1264 | D        | Found Kauluit's Armour Emporium.
  1450 | D        | Noticed Sonja
  1453 | D        | Killed Sonja
  1472 | D        | Found Lanuo's Distillery.
  1572 | D        | Noticed a kobold demonologist
  1573 | D        | Noticed a kobold demonologist
  1578 | D        | Noticed a sun demon
  1580 | D        | Killed a kobold demonologist
  1585 | D        | Killed a kobold demonologist
  1633 | D        | Reached XP level 10. HP: 58/58 MP: 15/15
  1633 | D        | Reached skill level 10 in Fighting
  1904 | D        | Noticed a lindwurm
  1907 | D        | Killed a lindwurm
  1931 | D        | Reached skill level 5 in Spellcasting
  1934 | D        | Reached ****** piety under Trog
  2082 | D        | Noticed a 12-headed hydra
  2084 | D        | Killed a 12-headed hydra
  2155 | D        | Bought the ring "Ekhlill" {Fire +Inv rElec rN+ MR+} for 725
                  | gold pieces
  2206 | D        | Reached skill level 21 in Stealth
  2206 | D        | Noticed a shining eye
  2206 | D        | Noticed a shining eye
  2206 | D        | Noticed a shining eye
  2206 | D        | Noticed a shining eye
  2206 | D        | Noticed a shining eye
  2206 | D        | Reached XP level 11. HP: 65/65 MP: 18/21
  2206 | D        | Noticed a shining eye
  2209 | D        | Killed a shining eye
  2211 | D        | Killed a shining eye
  2212 | D        | Killed a shining eye
  2214 | D        | Killed a shining eye
  2215 | D        | Killed a shining eye
  2216 | D        | Killed a shining eye
  2220 | D        | Noticed a shining eye
  2220 | D        | Noticed a shining eye
  2224 | D        | Killed a shining eye
  2224 | D        | Killed a shining eye
  2235 | D        | Found Hiyvilue's Food Shop.
  2235 | D        | Found Muxaliwu's Magic Scroll Shoppe.
  2235 | D        | Found Dekytsuacs's Antique Weapon Boutique.
  2235 | D        | Found Eciane's Antique Armour Emporium.
  2252 | D        | Bought a scroll of fear for 45 gold pieces
  2252 | D        | Bought a scroll of magic mapping for 45 gold pieces
  2381 | D        | Noticed a shadow dragon
  2381 | D        | Reached skill level 15 in Dodging
  2381 | D        | Noticed a golden dragon
  2386 | D        | Killed a shadow dragon
  2388 | D        | Killed a golden dragon
  2455 | D        | Found Uboemua's Book Shoppe.
  2538 | D        | Reached skill level 22 in Stealth
  2538 | D        | Noticed a daeva
  2542 | D        | Noticed an unseen horror
  2542 | D        | Noticed an unseen horror
  2542 | D        | Noticed an unseen horror
  2542 | D        | Noticed an unseen horror
  2544 | D        | Killed an unseen horror
  2547 | D        | Noticed an unseen horror
  2552 | D        | Killed an unseen horror
  2555 | D        | Killed an unseen horror
  2560 | D        | Killed an unseen horror
  2562 | D        | Killed an unseen horror
  3244 | D        | Noticed a fire giant
  3247 | D        | Noticed a fire giant
  3248 | D        | Gained mutation: Your thick and shaggy fur keeps you warm.
                  | (AC +3, rC+) [Felid growth]
  3248 | D        | Reached XP level 12. HP: 72/72 MP: 24/26
  3248 | D        | Noticed a fire giant
  3249 | D        | Reached skill level 15 in Unarmed Combat
  3249 | D        | Noticed a fire giant
  3263 | D        | Killed a fire giant
  3264 | D        | Killed a fire giant
  3272 | D        | Killed a fire giant
  3290 | D        | Killed a fire giant
  3619 | D        | Noticed a deep elf annihilator
  3626 | D        | Reached skill level 23 in Stealth
  3626 | D        | Noticed a mummy priest
  4094 | D        | Gained mutation: You do not regenerate when monsters are
                  | visible. [potion of mutation]
  4094 | D        | Gained mutation: You are weak. (Str -2) [potion of
                  | mutation]
  4094 | D        | Gained mutation: You occasionally shout uncontrollably at
                  | your foes. [potion of mutation]
  4094 | D        | Gained mutation: You are somewhat resistant to further
                  | mutation. [potion of mutation]
  4119 | D        | Got out of the dungeon alive.

Skill      XL: |  1  2  3  4  5  6  7  8  9 10 11 12 |
---------------+-------------------------------------+-----
Stealth        | 6 10 13 15 18 19 20 21 22 23 | 23.0
Fighting       | 5 6 8 9 11 12 13 | 13.3
Dodging        | 7 8 10 12 14 16 | 16.7
Unarmed Combat | 6 7 9 11 13 14 15 | 15.5
Spellcasting   | 3 6 9 |  9.7

Action                   |  1- 3 |  4- 6 |  7- 9 | 10-12 || total
-------------------------+-------+-------+-------+-------++-------
Melee: Unarmed           |    13 |     9 |    62 |    88 ||   172
       Bite              |       |     3 |    10 |    15 ||    28
       Punch             |       |       |     2 |     8 ||    10
Invok: Trog's Hand       |       |     1 |     4 |     2 ||     7
       Berserk           |       |     1 |     4 |       ||     5
       Brothers in Arms  |       |       |     4 |    11 ||    15
Evoke: Wand              |       |       |     1 |       ||     1
  Use: Potion            |     1 |       |     3 |     5 ||     9
       Scroll            |       |       |     2 |     2 ||     4
 Stab: Sleeping          |     1 |     3 |    15 |    13 ||    32
       Distracted        |       |       |       |     2 ||     2
  Eat: Chunk             |       |     2 |     7 |     8 ||    17
       Ration            |       |       |     1 |       ||     1
Armor: Skin              |       |       |     9 |     3 ||    12
Dodge: Dodged            |     4 |     3 |    45 |    88 ||   140
       Deflected         |       |       |     1 |       ||     1
